 Dungeon Crawl Stone Soup version 0.30.1-4-g462c640d31 (webtiles) character file.

Game seed: 12258015958866512788

3703 Nick1 the Blocker (level 10, -8/79 HPs)
             Began as a Formicid Fighter on Sept 17, 2023.
             Mangled by an orc knight
             ... wielding a +0 glaive
              (15 damage)
             ... in a bailey.
             The game lasted 00:34:18 (5737 turns).

Nick1 the Blocker (Formicid Fighter)                Turns: 5737, Time: 00:34:18

Health: -8/79      AC: 15    Str: 25    XL:     10   Next: 35%
Magic:  10/10      EV:  7    Int:  8    God:
Gold:   390        SH: 13    Dex: 13    Spells: 9/9 levels left

rFire   . . .        K - +0 glaive
rCold   . . .        g - +2 buckler
rNeg    . . .        x - +0 plate armour
rPois   .            (helmet unavailable)
rElec   .            l - +0 cloak
rCorr   .            (no gloves)
SInv    +            J - +0 pair of boots
Will    +....        j - amulet of reflection Stlth
                     (no ring)
HPRegen 0.33/turn    (no ring)
MPRegen 0.12/turn

%: reflection
@: mighty, studying Polearms
A: permanent stasis, dig shafts and tunnels, antennae 3, four strong arms
a: Dig


You were in a bailey.
You visited 1 branch of the dungeon, and saw 7 of its levels.
You also visited: Bailey.

You collected 390 gold pieces.

Inventory:

Hand Weapons
 a - a +0 war axe
 d - a +0 halberd
 K - a +0 glaive (weapon)
Missiles
 p - 7 poisoned darts
 B - 3 boomerangs (quivered)
 I - 5 javelins
Armour
 b - a +0 scale mail
 c - a +0 buckler
 g - a +2 buckler (worn)
 l - a +0 cloak (worn)
 m - a +0 chain mail
 x - a +0 plate armour (worn)
 J - a +0 pair of boots (worn)
Jewellery
 j - an amulet of reflection (around neck)
Wands
 k - a wand of flame (18)
 G - a wand of paralysis (6)
Scrolls
 h - a scroll of amnesia
 i - a scroll of fear
 o - a scroll of enchant weapon {unknown}
 q - a scroll of torment {unknown}
 t - a scroll of brand weapon {unknown}
 u - a scroll of poison {unknown}
 v - a scroll of immolation
 w - 3 scrolls of identify
 y - a scroll of fog {unknown}
 C - a scroll of vulnerability {unknown}
 D - a scroll of noise {unknown}
 E - a scroll of blinking {unknown}
 H - a scroll of teleportation {unknown}
Potions
 e - 4 potions of flight
 f - 3 potions of brilliance
 n - 2 potions of curing
 r - a potion of attraction
 s - a potion of lignification
 z - 2 potions of invisibility
 A - a potion of ambrosia


   Skills:
 * Level 7.1 Fighting
 * Level 8.4(9.0) Axes
 + Level 4.4(7.0) Polearms
 + Level 2.2 Throwing
 * Level 6.9 Armour
 + Level 1.2 Dodging
 + Level 1.6 Stealth
 * Level 9.1 Shields


You had 9 spell levels left.
You didn't know any spells.
Your spell library contained the following spells:

 Spells                   Type           Power      Damage    Failure   Level
 Summon Small Mammal      Summ           0%         N/A       99%         1
 Cigotuvi's Dreadful Rot  Necr/Pois/Air  0%         N/A       100%        2
 Sublimation of Blood     Necr           0%         N/A       100%        2
 Call Canine Familiar     Summ           0%         N/A       100%        3
 Ignite Poison            Fire/Tmut/Pois 0%         N/A       100%        3
 Summon Guardian Golem    Hex/Summ       0%         N/A       100%        3
 Petrify                  Tmut/Erth      0%         N/A       100%        4
 Freezing Cloud           Conj/Ice/Air   0%         6-21      100%        5
 Irradiate                Conj/Tmut      0%         3d11      100%        5


Dungeon Overview and Level Annotations

Branches:
Dungeon (7/15)             Temple (0/1) D:7          Bailey (1/1)

Altars:
Cheibriados
Sif Muna
Wu Jian

Shops:
D:2 *   D:3 ?


Innate Abilities, Weirdness & Mutations

You cannot be hasted, slowed, berserked, paralysed or teleported.
You can dig through walls and to a lower floor.
You have a pair of large antennae on your head. (SInv)
Your four strong arms can wield two-handed weapons with a shield.


Message History

Press: ? - help, Dir - move target, f/p - orc knight
Aim: an orc knight, wielding a +0 glaive and wearing a +0 plate armour (moderately wounded, about 43% to evade your +0 glaive)
You reach to attack!
You hit the orc knight but do no damage.
The orc knight is moderately wounded.
The orc warrior hits you from afar with a +0 trident.
The orc knight completely misses you.
The orc warrior hits you from afar with a +0 trident!
You block the orc knight's attack.
Reach: K) +0 glaive
Press: ? - help, Dir - move target, f/p - orc knight
Aim: an orc knight, wielding a +0 glaive and wearing a +0 plate armour (moderately wounded, about 43% to evade your +0 glaive)
You reach to attack!
You slice the orc knight!!
The orc knight is heavily wounded.
You block the orc warrior's attack. You block the orc knight's attack.
Reach: K) +0 glaive
Press: ? - help, Dir - move target, f/p - orc knight
Aim: an orc knight, wielding a +0 glaive and wearing a +0 plate armour (heavily wounded, about 43% to evade your +0 glaive)
You reach to attack!
You closely miss the orc knight.
The orc knight is heavily wounded.
The orc warrior barely misses you. You block the orc knight's attack.
Reach: K) +0 glaive
Press: ? - help, Dir - move target, f/p - orc knight
Aim: an orc knight, wielding a +0 glaive and wearing a +0 plate armour (heavily wounded, about 43% to evade your +0 glaive)
You reach to attack!
You closely miss the orc knight.
The orc knight is heavily wounded.
You block the orc warrior's attack.
The orc knight hits you from afar with a +0 glaive!!
* * * LOW HITPOINT WARNING * * *
The orc warrior closely misses you.
The orc knight hits you but does no damage.
Reach: K) +0 glaive
Press: ? - help, Dir - move target, f/p - orc knight
Aim: an orc knight, wielding a +0 glaive and wearing a +0 plate armour (heavily wounded, about 43% to evade your +0 glaive)
You reach to attack!
You slice the orc knight!!
The orc knight is almost dead.
The orc warrior hits you from afar with a +0 trident!
* * * LOW HITPOINT WARNING * * *
The orc knight hits you from afar with a +0 glaive!
You die...

.. ###≈≈...............≈≈### ≈..
..≈##.##≈...............≈##.##≈..
..≈#.))..................))..#≈..
..≈##)∩#≈...............≈#∩.##≈..
..≈≈#)##≈....#######....≈##.#≈≈..
...≈≈.≈≈≈....##....##...≈≈≈.≈≈...
.............##.....##...........
.............##'''#..##..........
.........##..##∩@∩##..#..........
.........##.####'####.##.........
.........##.')#oo.#.'.##.........
.........##.###._.###.##.........
.........##.'[#).!#)'.##.........
.........##.#########.##.........
..........#..##)#)##..#..........
..........##..#'#'#..##..........
...))......##.......##...........


You could see an orc knight and an orc warrior (strong).

Vanquished Creatures
  Pikel (D:4)
  3 water moccasins
  An ice beast (D:7)
  13 orc warriors (Bailey)
  2 black bears
  2 ogres
  A centaur (D:6)
  A lemure (D:4)
  A phantom (D:5)
  Blork the orc (D:6)
  3 bullfrogs
  A gnoll sergeant (D:7)
  A scorpion (D:6)
  7 orc priests
  2 jellies
  Crazy Yiuf (D:2)
  A sleepcap (D:6)
  3 iguanas
  3 orc wizards (D:5)
  9 gnolls
  6 adders
  2 ufetubi
  2 worms
  2 dart slugs
  43 orcs
  4 ball pythons
  5 endoplasms (D:1)
  9 goblins
  7 hobgoblins
  8 jackals (D:4)
  9 kobolds
  3 quokkas
  5 bats
  5 frilled lizards
  5 rats
172 creatures vanquished.

Notes
Turn   | Place    | Note
-------+----------+-------------------------------------------
     0 | D:1      | Nick1 the Formicid Fighter began the quest for the Orb.
     0 | D:1      | Reached XP level 1. HP: 18/18 MP: 1/1
    43 | D:1      | Reached XP level 2. HP: 22/24 MP: 2/2
   215 | D:1      | Reached XP level 3. HP: 29/29 MP: 3/3
   613 | D:2      | Found Esikhlir's Assorted Antiques.
   757 | D:2      | Found a runed translucent door.
   758 | D:2      | Noticed Crazy Yiuf
   862 | D:2      | Reached XP level 4. HP: 35/35 MP: 4/4
   998 | D:2      | Killed Crazy Yiuf
  1083 | D:3      | Reached skill level 1 in Dodging
  1083 | D:3      | Reached XP level 5. HP: 18/42 MP: 5/5
  1202 | D:3      | Found Vileuluz's Magic Scroll Boutique.
  1307 | D:3      | Reached XP level 6. HP: 34/48 MP: 6/6
  1796 | D:4      | Noticed a black bear
  1807 | D:4      | Killed a black bear
  1808 | D:4      | Reached skill level 5 in Shields
  1968 | D:4      | Noticed Pikel
  1982 | D:4      | Killed Pikel
  1983 | D:4      | Reached skill level 1 in Throwing
  1983 | D:4      | Reached XP level 7. HP: 41/55 MP: 7/7
  1983 | D:4      | Reached XP level 8. HP: 46/61 MP: 8/8
  2061 | D:4      | Reached skill level 6 in Shields
  2159 | D:4      | Reached skill level 5 in Armour
  2190 | D:4      | Found a snail-covered altar of Cheibriados.
  2273 | D:5      | Entered Level 5 of the Dungeon
  2369 | D:5      | Reached skill level 5 in Fighting
  3091 | D:6      | Reached skill level 1 in Stealth
  3091 | D:6      | Reached XP level 9. HP: 54/68 MP: 9/9
  3132 | D:6      | Noticed Blork the orc
  3141 | D:6      | Found a shimmering blue altar of Sif Muna.
  3144 | D:6      | Killed Blork the orc
  3145 | D:6      | Reached skill level 7 in Shields
  3306 | D:6      | Reached skill level 1 in Polearms
  4344 | D:7      | Found a staircase to the Ecumenical Temple.
  4804 | D:7      | Found an ornate altar of the Wu Jian Council.
  4884 | D:7      | Found a flagged portal.
  4895 | Bailey   | Entered a bailey
  5110 | Bailey   | Reached skill level 8 in Shields
  5110 | Bailey   | Reached XP level 10. HP: 57/77 MP: 10/10
  5588 | Bailey   | Reached skill level 9 in Shields
  5727 | Bailey   | Noticed an orc knight
  5737 | Bailey   | Mangled by an orc knight

Illustrated notes

Levels and vault maps discovered:
D:1:      nzn_arrival_crosshair, layout_rooms, minivault_4, dk_noncrumbling_4
D:2:      layout_rooms, serial_shops, nicolae_shop_back_alley_shop,
          chequers_serial_rivers_marsh, minmay_misc_feat_doors, st_stairs_7,
          uniq_crazy_yiuf_cottage
D:3:      layout_basic, serial_shops, shop
D:4:      layout_rooms, mainiacjoe_overflow_alcove_2, uniq_pikel
D:5:      layout_layer_cave
D:6:      mumra_celtic_spiral_tile, layout_loops_corners, tgw_sif
D:7:      layout_loops_corners, mainiacjoe_overflow_concentric_impassable,
          temple_doors_e, enter_bailey_3, uniq_maggie
Bailey:   bailey_polearm_2, bailey

Skill      XL: |  1  2  3  4  5  6  7  8  9 10 |
---------------+-------------------------------+-----
Axes           | 3 4 6 7 8 |  8.4
Dodging        | 1 |  1.2
Fighting       | 4 5 6 7 |  7.1
Armour         | 4 5 6 |  6.9
Shields        | 5 6 8 9 |  9.1
Throwing       | 1 2 |  2.2
Stealth        | 1 |  1.6
Polearms       | 3 4 |  4.4

Action                     |  1- 3 |  4- 6 |  7- 9 | 10-12 || total
---------------------------+-------+-------+-------+-------++-------
  Melee: War axe           |    69 |   101 |   114 |       ||   284
         Halberd           |       |       |   223 |    45 ||   268
         Glaive            |       |       |       |    26 ||    26
  Throw: Dart              |       |    18 |    23 |       ||    41
         Boomerang         |       |       |    16 |       ||    16
         Throwing net      |       |       |     1 |       ||     1
    Use: Potion            |       |     2 |     3 |     1 ||     6
         Scroll            |       |     5 |     6 |       ||    11
   Stab: Invisible         |       |       |     7 |       ||     7
 Armour: Scale mail        |    16 |     4 |       |       ||    20
         Chain mail        |       |    13 |       |       ||    13
         Plate armour      |       |     9 |   160 |     9 ||   178
  Dodge: Dodged            |    21 |    26 |    93 |    11 ||   151
  Block: Buckler           |    20 |    71 |   234 |    57 ||   382
         Reflection        |       |     1 |    17 |    13 ||    31
